Map: [ESL] Oceanborn

Players

Ukko

  • Race: Zerg Zerg
  • Spawn Location: 5:00

NightMare - Winner!

  • Race: Protoss Protoss
  • Spawn Location: 11:00

Event: ESL SC2 Masters 2023 Winter (Finals)

VOD

Have the link to the VOD?

Description

Time

  • Played on: Dec. 15, 2023, 9:34 a.m.
  • Length: 11:36

All games in this series

Show
View Real Time Build Order
Export as new Build Order

Ukko Zerg 

Build Orders: Hatch First 

Get SALT Encoding   

  12  0:00  Drone  
  13  0:08  Drone  
  13  0:14  Extractor, Drone  
  15  0:36  Hatchery  
  14  0:43  Extractor, Drone  
  14  0:48  Overlord  
  15  1:04  Spawning Pool  
  15  1:07  Drone  
  15  1:13  Drone  
  15  1:15  Drone  
  17  1:19  Drone  
  18  1:29  Drone  
  18  1:30  Extractor  
  18  1:39  Drone  
  19  1:51  Queen x2  
  19  1:53  Zergling x2  
  25  1:54  Drone  
  25  1:59  Drone  
  26  2:01  Overlord  
  26  2:10  Drone  
  26  2:12  Drone  
  28  2:22  Drone x2  
  30  2:32  Hatchery  
  30  2:35  Zergling x2  
  30  2:37  Zergling x2  
  30  2:43  Overlord  
  31  2:49  Zergling x2  
  32  2:54  Zergling x2  
  32  3:04  Drone x5, Queen  
  38  3:12  Metabolic Boost  
  38  3:19  Queen  
  40  3:21  Overlord  
  40  3:24  Drone  
  41  3:27  Drone x2  
  43  3:40  Queen  
  45  3:42  Overlord  
  45  3:43  Drone  
  45  3:47  Zergling x6  
  49  3:48  Drone  
  49  3:49  Drone x2  
  52  3:56  Drone x2  
  52  4:00  Queen  
  55  4:07  Overlord  
  55  4:08  Drone x2  
  55  4:10  Extractor  
  52  4:20  Drone x5  
  52  4:22  Overlord  
  57  4:31  Zergling x6  
  60  4:32  Drone x2  
  61  4:40  Spore Crawler  
  61  4:42  Spore Crawler  
  61  4:43  Drone x5  
  64  4:51  Drone x4  
  68  5:01  Drone x3  
  68  5:04  Hatchery  
  68  5:06  Drone, Roach Warren, Extractor  
  69  5:07  Queen  
  69  5:09  Zergling x8  
  73  5:17  Lair  
  73  5:18  Drone x5  
  73  5:21  Overlord  
  78  5:27  Overlord  
  78  5:31  Extractor  
  78  5:33  Extractor  
  78  5:34  Evolution Chamber  
  78  5:35  Drone x2, Extractor  
  76  5:42  Drone x7  
  83  5:44  Zergling x2  
  83  5:47  Queen  
  83  5:48  Queen  
  83  5:49  Zergling x4  
  90  5:53  Overlord x2  
  90  5:58  Spore Crawler  
  90  6:01  Drone  
  90  6:02  Drone x3  
  93  6:09  Drone x4  
  95  6:12  Zerg Melee Weapons Level 1  
  95  6:14  Baneling Nest  
  95  6:15  Glial Reconstitution  
  94  6:20  Hatchery  
  94  6:22  Extractor, Drone x8  
  99  6:29  Roach x3  
  105  6:36  Overlord  
  105  6:45  Overlord x3, Hatchery  
  104  6:57  Overlord x2  
  104  6:58  Roach  
  106  7:01  Overlord x2  
  106  7:03  Roach x9  
  124  7:11  Roach  
  126  7:17  Roach x3  
  132  7:24  Roach x4  
  140  7:30  Centrifugal Hooks  
  140  7:31  Roach x6  
  140  7:33  Overlord  
  140  7:35  Zergling x4  
  154  7:38  Hatchery  
  154  7:41  Zergling x2  
  154  7:42  Zergling x4  
  156  7:50  Zergling x8  
  160  7:57  Zergling x14  
  160  8:06  Zergling x14  
  167  8:16  Zergling x6  
  167  8:17  Zergling x8  
  170  8:21  Zergling x6  
  171  8:34  Zergling x20  
  161  8:46  Zergling x12  
  161  8:55  Zerg Melee Weapons Level 2  
  161  8:57  Drone x2  
  161  8:58  Drone x8  
  166  9:13  Zergling x10  
  170  9:26  Zergling x24  
  170  9:30  Overlord x2  
  175  9:46  Baneling x28  
  175  9:47  Baneling x12, Queen  
  175  9:48  Zergling x2  
  174  9:53  Zergling x26  
  174  9:58  Zergling x8  
  191  10:03  Zergling x2  
  192  10:07  Overlord x2  
  190  10:15  Extractor  
  190  10:19  Infestation Pit  
  175  10:24  Roach x9  
  177  10:30  Hatchery  
  177  10:34  Zergling x18  
  152  10:44  Zergling x16  
  152  10:49  Queen  
  147  10:51  Overseer  
  145  10:58  Drone x7  
  145  11:03  Extractor  
  148  11:04  Ravager x4  
  148  11:05  Ravager  
  148  11:09  Baneling x7  
  148  11:10  Baneling x8  
Show
View Real Time Build Order
Export as new Build Order

NightMare Protoss - Winner!

Build Orders: 1 Gate Expand, Oracle Opening 

Get SALT Encoding   

  12  0:00  Probe  
  13  0:14  Pylon  
  13  0:18  Probe (Chrono Boost)  
  14  0:27  Probe (Chrono Boost)  
  15  0:32  Probe (Chrono Boost)  
  16  0:38  Gateway  
  16  0:44  Probe  
  16  0:49  Assimilator  
  17  0:56  Probe  
  18  1:08  Probe  
  19  1:21  Probe  
  20  1:25  Cybernetics Core  
  20  1:38  Nexus  
  20  1:44  Pylon  
  20  1:46  Probe  
  21  1:52  Assimilator  
  21  1:58  Probe  
  21  1:59  Adept (Chrono Boost)  
  24  2:10  Probe  
  25  2:20  Stargate  
  25  2:21  Adept (Chrono Boost)  
  25  2:22  Probe  
  28  2:33  Warp Gate  
  28  2:34  Probe  
  29  2:42  Gateway  
  29  2:46  Probe  
  29  2:49  Adept  
  29  2:51  Probe  
  33  2:58  Probe  
  33  3:03  Oracle (Chrono Boost), Probe  
  33  3:11  Probe  
  37  3:15  Probe  
  38  3:21  Adept  
  38  3:24  Probe  
  41  3:27  Probe  
  42  3:36  Probe  
  42  3:39  Probe  
  44  3:42  Nexus  
  44  3:46  Pylon  
  44  3:48  Probe  
  44  3:51  Probe  
  46  3:58  Pylon  
  46  4:03  Oracle (Chrono Boost)  
  49  4:12  Probe x2  
  51  4:21  Adept x2  
  55  4:25  Shield Battery  
  55  4:27  Probe x2  
  55  4:28  Twilight Council  
  55  4:30  Pylon  
  55  4:31  Assimilator  
  57  4:39  Probe x2  
  57  4:41  Gateway  
  57  4:44  Assimilator  
  59  4:47  Gateway, Pylon  
  59  4:51  Probe  
  61  4:52  Probe  
  61  4:57  Adept x2  
  65  5:01  Blink (Chrono Boost), Probe  
  65  5:04  Probe  
  65  5:05  Probe  
  68  5:13  Probe  
  69  5:16  Probe  
  69  5:17  Probe  
  69  5:18  Stalker  
  69  5:19  Sentry  
  75  5:21  Shield Battery  
  75  5:25  Probe  
  75  5:28  Probe  
  77  5:37  Probe x2  
  77  5:40  Probe  
  80  5:44  Forge  
  80  5:47  Gateway  
  80  5:48  Gateway  
  80  5:49  Stalker x2  
  84  5:50  Probe  
  84  5:51  Probe  
  84  5:52  Probe  
  84  5:56  Stalker  
  89  6:09  Stalker  
  89  6:10  Probe x2  
  93  6:11  Pylon  
  93  6:12  Pylon x2  
  93  6:13  Robotics Facility, Protoss Ground Weapons Level 1 (Chrono Boost)  
  93  6:26  Gateway  
  93  6:31  Stalker x3  
  93  6:32  Stalker  
  101  6:36  Pylon  
  101  6:43  Nexus  
  101  6:44  Charge (Chrono Boost)  
  101  6:55  Stalker x5  
  111  7:10  Stalker  
  111  7:12  Probe x3  
  116  7:19  Stalker x2  
  116  7:20  Stalker x2  
  116  7:22  Pylon  
  124  7:24  Pylon  
  124  7:25  Pylon  
  124  7:31  Robotics Facility  
  124  7:35  Robotics Bay  
  124  7:39  Warp Prism (Chrono Boost)  
  124  7:42  Stalker x3  
  124  7:43  Stalker  
  134  7:48  Stalker  
  136  7:52  Probe x3  
  136  7:54  Pylon  
  137  8:06  Zealot x6  
  137  8:08  Probe x2  
  137  8:09  Probe x2  
  151  8:16  Zealot  
  153  8:26  Colossus x2 (Chrono Boost)  
  151  8:39  Extended Thermal Lance  
  143  8:41  Zealot x3  
  143  8:42  Zealot x4, Shield Battery  
  155  8:54  Protoss Ground Weapons Level 2 (Chrono Boost), Shield Battery, Probe x3  
  155  8:55  Photon Cannon  
  158  8:56  Probe  
  158  8:58  Photon Cannon  
  147  9:09  Zealot x4  
  155  9:10  Zealot x3  
  155  9:15  Observer (Chrono Boost)  
  162  9:17  Colossus (Chrono Boost)  
  166  9:29  Zealot  
  166  9:30  Zealot x6  
  154  9:46  Gateway  
  154  9:47  Gateway  
  154  9:49  Nexus, Gateway  
  154  9:50  Colossus (Chrono Boost)  
  154  9:51  Pylon  
  156  10:01  Stalker x5  
  166  10:10  Stalker  
  166  10:11  Stalker  
  166  10:15  Pylon  
  166  10:24  Stalker x3  
  168  10:30  Stalker x2  
  152  10:37  Observer, Stalker  
  152  10:40  Probe x2  
  152  10:41  Zealot x2, Probe  
  152  10:42  Zealot  
  161  10:49  Pylon  
  146  10:50  Probe  
  146  10:52  Probe  
  146  10:53  Probe  
  146  10:55  Zealot x6  
  157  11:04  Probe x2  
  157  11:05  Probe  
  157  11:06  Photon Cannon  
  160  11:11  Zealot x3  
  160  11:12  Zealot  
  160  11:15  Gateway, Zealot  
  160  11:18  Gateway  
  156  11:33  Zealot x9  
Tags
 
Add a new tag
Caveats
  • Supply blocks, unpowered buildings, or Contaminate may cause inaccurate times.
  • Supply counts are checked every 10 seconds.